Kradschützen Motorcycle Team
Kradschützen Motorcycle Team
Kradschützen Motorcycle Team
Construct Light Support Kompanie
Selects L6/40 Light Tank Combat Group
L6/40 Light Tank Combat Group
L6/40 Light Tank Combat Group
Pak 38 Anti-tank Gun Team
Selects Defensive Operations
Selects Territory Booby Traps
Selects Obice 305mm Barrage
Construct Panzerarmee Kommand
Selects Towed Cannone da 105/28 Field Howitzer